 Dungeon Crawl Stone Soup version 0.31.0-11-ge490571c62 (webtiles) character file.

Game seed: 4998473571562657948

6 browni3141 the Trooper (level 1, 0/18 HPs)
             Began as a Demonspawn Cinder Acolyte on Jan 31, 2024.
             Was a High Priest of Ignis.
             Slain by a kobold
             ... wielding a +0 whip
              (4 damage)
             ... on level 1 of the Dungeon.
             The game lasted 00:00:04 (205 turns).

browni3141 the Trooper (Demonspawn Cinder Acolyte)   Turns: 205, Time: 00:00:05

Health: 0/18       AC:  2    Str: 14    XL:     1   Next: 75%
Magic:  2/2        EV: 11    Int: 14    God:    Ignis [*****.]
Gold:   0          SH:  0    Dex:  8    Spells: 2/2 levels left

rFire   + . .        a - -1 mace (flame)
rCold   . . .        (no shield)
rNeg    . . .        b - +0 robe
rPois   .            (no helmet)
rElec   .            (no cloak)
rCorr   .            (no gloves)
SInv    .            (no boots)
Will    .....        (no amulet)
Stlth   +            (no ring)
HPRegen 0.23/turn    (no ring)
MPRegen 0.08/turn

%: no passive effects
@: no status effects
A: no striking features
a: Renounce Religion, Fiery Armour, Foxfire Swarm, Rising Flame


You were on level 1 of the Dungeon.
You worshipped Ignis.
Ignis was extremely pleased with you.
You visited 1 branch of the dungeon, and saw 1 of its levels.

Inventory:

Hand Weapons
 a - a -1 mace of flaming (weapon)
Armour
 b - a +0 robe (worn)


   Skills:
 + Level 3.1 Fighting
 + Level 2.8 Maces & Flails
 + Level 1.1 Spellcasting
 + Level 2.8 Fire Magic


You had 2 spell levels left.
You didn't know any spells.
Your spell library contained the following spells:

 Spells                   Type           Power      Damage    Failure   Level
 Scorch                   Fire           16%        2d5       12%         2


Dungeon Overview and Level Annotations

Branches:
Dungeon (1/15)

Altars:


Message History

Found a staircase leading out of the dungeon.
No target in view!
Setting a skill training target for Axes at 18.0.
Setting a skill training target for Invocations at 14.0.
Setting a skill training target for Throwing at 11.0.
A quokka comes into view.
A quokka is nearby!
You closely miss the quokka. The quokka bites you. x2
A quokka is nearby!
You barely miss the quokka. The quokka bites you.
A quokka is nearby!
You hit the quokka. You burn the quokka.
The quokka is severely wounded.
The quokka barely misses you. The quokka bites you.
A quokka is nearby!
You barely miss the quokka.
The quokka is heavily wounded.
The quokka misses you.
A quokka is nearby!
You hit the quokka. You burn the quokka.
You kill the quokka!
HP restored.
Key pressed, stopping explore.
No target in view!
Key pressed, stopping explore.
No target in view!
Key pressed, stopping explore.
No target in view!
Key pressed, stopping explore.
No target in view!
You open the door.
A goblin comes into view. It is wielding a +0 dagger.
There is an open door here.
A goblin is nearby!
The goblin shouts!
A goblin is nearby!
The goblin misses you.
A goblin is nearby!
You hit the goblin. You burn the goblin.
You kill the goblin!
You open the door.
There is an open door here.
Found a stone staircase leading down.
No target in view!
A ball python comes into view.
A ball python is nearby!
A ball python is nearby!
The ball python bites you but does no damage.
The ball python completely misses you.
A ball python is nearby!
You closely miss the ball python. The ball python barely misses you.
The ball python grabs you. The ball python constricts you.
The ball python closely misses you. The ball python constricts you.
A ball python is nearby!
You hit the ball python but do no damage.
The ball python bites you but does no damage.
The ball python constricts you.
A ball python is nearby!
You sock the ball python! You burn the ball python.
You kill the ball python!
An endoplasm comes into view.
The endoplasm quivers. 2 kobolds come into view.
The kobold shouts!
The kobold throws a stone.
The stone closely misses you.
You see here 18 gold pieces.
There are monsters nearby!
The kobold throws a stone.
The stone hits you.
A quokka comes into view.
The endoplasm hits you.
There are monsters nearby!
You hit the endoplasm. You burn the endoplasm.
You kill the endoplasm!
The quokka twitches its whiskers.
The kobold throws a stone.
The stone hits you.
The kobold hits you with a +0 short sword.
There are monsters nearby!
You completely miss the kobold.
The kobold hits you with a +0 short sword.
There are monsters nearby!
You barely miss the kobold. The kobold barely misses you. x2
The kobold misses you. x2; The quokka bites you.
There are monsters nearby!
The quokka attacks as it pursues you!
The quokka bites you but does no damage.
The quokka attacks as it pursues you! The quokka bites you.
The kobold throws a stone.
The stone closely misses you.
The kobold throws a stone.
The stone barely misses you.
The kobold throws a stone.
The stone misses you. The quokka attacks as it pursues you!
The quokka bites you.
The quokka bites you but does no damage.
You hit the quokka. You burn the quokka.
You kill the quokka!
You hit the kobold but do no damage.
The kobold hits you with a +0 short sword.
You miss the kobold. The kobold barely misses you. x2
You hit the kobold. You burn the kobold.
You kill the kobold!
The kobold hits you with a +0 whip.
You die...

#..............8..(..8.
.########.#####.....#8.........
..........### #.....##..8...8..
............# #.....###...8...#
............# #.....# #########
...)...†....# #....##
............# #.####
............###.#
.............K@.#
[............##.#
.........$...# .#
.............# .# ...........##
.. ..#####......... #.
........... .............
...............


You could see a kobold.

Vanquished Creatures
  An endoplasm (D:1)
  A goblin (D:1)
  A kobold (D:1)
  2 quokkas (D:1)
  A ball python (D:1)
6 creatures vanquished.

Notes
Turn   | Place    | Note
-------+----------+-------------------------------------------
     0 | D:1      | browni3141 the Demonspawn Cinder Acolyte began the quest
                  | for the Orb.
     0 | D:1      | Reached XP level 1. HP: 18/18 MP: 2/2
   205 | D:1      | Slain by a kobold

Illustrated notes

Levels and vault maps discovered:
D:1:      erik_arrival_orb_chamber, layout_basic, minmay_statues_item

Action                     || total
---------------------------++-------
  Melee: Mace              ||    16
 Armour: Robe              ||    18
  Dodge: Dodged            ||    16
